[Event "4NCL Div 1 2024-25"]
[Site "England"]
[Date "2025.04.06"]
[Round "8.31"]
[White "O`Donnell, Conor"]
[Black "Sowray, Peter J"]
[Result "1/2-1/2"]
[Annotator "ChessBase"]
[ECO "B06"]
[WhiteElo "2293"]
[BlackElo "2205"]
[PlyCount "83"]
[EventDate "2024.11.23"]
[EventType "team-tourn"]
[EventCountry "ENG"]
[SourceTitle "playchess.com"]
[Source "ChessBase"]
[SourceQuality "1"]
[TimeControl "40/6000+30:3000+30"]

1. d4 g6 2. e4 Bg7 3. Nc3 d6 4. f4 a6 5. Nf3 b5 6. a4 b4 7. Ne2 Nd7 8. Ng3 c5 9. c3 a5 10. e5 Nh6 11. Bd3 Qb6 12. exd6 O-O 13. dxe7 Re8 14. O-O cxd4 15. cxd4 Rxe7 16. f5 Ng4 17. fxg6 hxg6 18. Bg5 Ndf6 19. Qd2 Bb7 20. Kh1 Rd7 21. Bb5 Rdd8 22. Rad1 Kh7 23. Qf4 Rac8 24. h3 Nh6 25. Ne5 Rc2 26. Bxf6 Rxg2 27. Ne4 Rxb2 28. Bxd8 Qxd8 29. Nf3 Nf5 30. Kg1 Bh6 31. Nfg5+ Kg8 32. d5 Qb6+ 33. Kh1 f6 34. Qb8+ Kg7 35. Qe8 Bxg5 36. Rxf5 gxf5 37. Nxg5 fxg5 38. Qe5+ Qf6 39. Qc7+ Qf7 40. Qe5+ Qf6 41. Qc7+ Qf7 42. Qe5+ 1/2-1/2

[Event "4NCL Div 1 2024-25"]
[Site "England"]
[Date "2025.04.06"]
[Round "8.32"]
[White "Bhatia, Kanwal K"]
[Black "Liu, Tianyi (Jack)"]
[Result "0-1"]
[Annotator "ChessBase"]
[ECO "B22"]
[WhiteElo "1976"]
[BlackElo "2120"]
[PlyCount "102"]
[EventDate "2024.11.23"]
[EventType "team-tourn"]
[EventCountry "ENG"]
[SourceTitle "playchess.com"]
[Source "ChessBase"]
[SourceQuality "1"]
[TimeControl "40/6000+30:3000+30"]

1. e4 c5 2. c3 Nf6 3. e5 Nd5 4. d4 cxd4 5. Nf3 Nc6 6. cxd4 d6 7. Bc4 Nb6 8. Bb3 dxe5 9. d5 Na5 10. Nc3 Nxb3 11. Qxb3 e6 12. Nxe5 Be7 13. Qb5+ Kf8 14. Be3 Nxd5 15. Rd1 Qc7 16. Bd4 f6 17. Nf3 Qc6 18. Qb3 Nxc3 19. Bxc3 Qe4+ 20. Kf1 e5 21. h3 Bf5 22. Rd2 g6 23. Kg1 Qc6 24. Kh2 Be6 25. Qd1 Kg7 26. Re1 Rhd8 27. Kg1 Kg8 28. Qe2 Rxd2 29. Qxd2 Rd8 30. Qh6 Bd5 31. Nh4 Bf8 32. Qe3 b6 33. Qg3 Bg7 34. a3 Qa4 35. Re3 Bc6 36. Bb4 Qd1+ 37. Re1 Qd7 38. Bc3 Bb7 39. Kh2 Bh6 40. Kg1 Qa4 41. Nf5 Bf4 42. Qg4 Qd7 43. Ne3 Qc6 44. h4 Bc8 45. Qe2 h5 46. Rc1 Bb7 47. Bd2 Qe4 48. Rc4 Ba6 49. Rxe4 Bxe2 50. Nc4 Bxc4 51. Bxf4 Bd3 0-1

[Event "4NCL Div 1 2024-25"]
[Site "England"]
[Date "2025.04.06"]
[Round "8.33"]
[White "Williams, Simon K"]
[Black "Rendle, Thomas E"]
[Result "1-0"]
[Annotator "ChessBase"]
[ECO "D15"]
[WhiteElo "2442"]
[BlackElo "2383"]
[PlyCount "41"]
[EventDate "2024.11.23"]
[EventType "team-tourn"]
[EventCountry "ENG"]
[SourceTitle "playchess.com"]
[Source "ChessBase"]
[SourceQuality "1"]
[TimeControl "40/6000+30:3000+30"]

1. Nf3 d5 2. d4 Nf6 3. c4 c6 4. Nc3 dxc4 5. e4 b5 6. Be2 e6 7. a4 Bb7 8. O-O a6 9. Bg5 Nbd7 10. d5 Qb6 11. dxe6 fxe6 12. e5 Nd5 13. Nd4 Nc5 14. Bg4 h6 15. Be3 Nxe3 16. Bh5+ Kd7 17. fxe3 Nd3 18. Qg4 c5 19. Rf7+ Kc8 20. Raf1 Be7 21. Rxe7 1-0

[Event "4NCL Div 1 2024-25"]
[Site "England"]
[Date "2025.04.06"]
[Round "8.34"]
[White "Bremner, Adam"]
[Black "Kirk, Ezra"]
[Result "1/2-1/2"]
[Annotator "ChessBase"]
[ECO "B22"]
[WhiteElo "2149"]
[BlackElo "2386"]
[PlyCount "90"]
[EventDate "2024.11.23"]
[EventType "team-tourn"]
[EventCountry "ENG"]
[SourceTitle "playchess.com"]
[Source "ChessBase"]
[SourceQuality "1"]
[TimeControl "40/6000+30:3000+30"]

1. e4 c5 2. Nf3 Nc6 3. c3 Nf6 4. e5 Nd5 5. d4 cxd4 6. Bc4 Nb6 7. Bb3 d6 8. exd6 Qxd6 9. O-O e6 10. cxd4 Be7 11. Nc3 O-O 12. Be3 Rd8 13. Qe2 Nd5 14. Rfd1 Nxe3 15. Qxe3 Nb4 16. d5 Qb6 17. Qxb6 axb6 18. a3 Na6 19. dxe6 Bxe6 20. Bxe6 fxe6 21. Re1 Nc5 22. Ne4 Nd3 23. Re2 Rac8 24. g3 Rd5 25. Nc3 Rf5 26. Nd4 Rxf2 27. Rxf2 Nxf2 28. Kxf2 Bc5 29. Ncb5 e5 30. Rd1 Rd8 31. Ke3 exd4+ 32. Nxd4 Be7 33. Rd3 Bf6 34. b3 Kf7 35. Nb5 Rxd3+ 36. Kxd3 Ke6 37. Ke4 Bb2 38. a4 g6 39. g4 Bf6 40. Nc7+ Kd7 41. Nd5 Bd8 42. b4 Kc6 43. Ke5 b5 44. a5 Bg5 45. Ke6 Bd2 1/2-1/2

[Event "4NCL Div 1 2024-25"]
[Site "England"]
[Date "2025.04.06"]
[Round "8.35"]
[White "Pert, Nicholas"]
[Black "Dobrolyubov, Alexandr K"]
[Result "1-0"]
[Annotator "TA"]
[ECO "B07"]
[WhiteElo "2527"]
[BlackElo "1951"]
[PlyCount "111"]
[EventDate "2024.11.23"]
[EventType "team-tourn"]
[EventCountry "ENG"]
[SourceTitle "playchess.com"]
[Source "ChessBase"]
[SourceQuality "1"]
[TimeControl "40/6000+30:3000+30"]

1. d4 Nf6 2. Nf3 g6 3. Nbd2 d6 4. e4 Bg7 5. Bd3 O-O 6. O-O Nc6 7. Re1 {[%emt 0:00:35] B07: Pirc Defence: Miscellaneous Systems.} e5 8. dxe5 Nxe5 9. Nxe5 {[%emt 0:01:24] White has an edge.} dxe5 10. Nc4 {[%emt 0:01:06] 10.Nf3 gains popularity.} Nd7 11. Bd2 $146 (11. Bf1 Nc5 12. Qf3 Ne6 13. c3 b6 14. Rd1 Qf6 15. Qxf6 Bxf6 16. Ne3 Bg5 17. Bc4 {½-½ Kuzubov,Y (2612)-Strikovic,A (2484) Santiago de Compostela Bicapawn GP B4 blitz 2022 (8)}) 11... Qe7 12. a4 Rd8 13. Qc1 Nf8 14. Bc3 f6 15. b3 Ne6 16. Qa3 Qf7 17. Rad1 Nf4 18. Bf1 Bg4 19. f3 (19. Rxd8+ {simplifies} Rxd8 20. Qc1 Be6 21. Ne3) 19... Bf8 20. Bb4 Be6 21. Bxf8 Qxf8 22. g3 Nh5 23. Qxf8+ Kxf8 24. Na5 Rxd1 25. Rxd1 b6 (25... Rb8 $11) 26. Nc6 $16 a5 27. Bb5 Ng7 28. Kf2 h5 29. Ke3 {[%emt 0:00:32] White is more active.} Ne8 30. f4 exf4+ 31. gxf4 Nd6 32. e5 Nxb5 33. axb5 $11 {[%emt 0:00:02][%mdl 4096] Endgame KRB-KRN} Re8 34. h4 (34. exf6 $2 {loses.} Bg4+ (34... Bxb3+ 35. Ne5 $16) 35. Kd2 Bxd1 36. Kxd1 Kf7 $19) 34... Bf5 35. Rd2 Kf7 36. c4 Bc8 37. Rd5 Ke6 {[%emt 0:02:24] Wards off c5} 38. Nd4+ Ke7 39. Nc6+ Ke6 40. Nd4+ Ke7 $1 41. c5 {[%emt 0:31:54] [#]} Bb7 42. Nc6+ (42. c6 $5 Bc8 $8 43. Ke4 $11) 42... Ke6 43. Kd4 Bxc6 44. bxc6 {[%emt 0:00:03] and cxb6 should not be overlooked. KR-KR} b5 {[%emt 0:00:15][%cal Bb6b5,Bb5a4,Ba4a3,Ba3a2][%mdl 32] and ...a4 would now be decisive} 45. Rd7 fxe5+ 46. fxe5 Ra8 $2 (46... Re7 $11 {and Black has nothing to worry.} 47. Rd8 Rg7) 47. Rxc7 $18 a4 $2 {[%emt 0:00:01] [#]} (47... g5 48. Rh7 (48. hxg5 a4 $18) 48... gxh4 49. Rxh5 (49. Rh6+ Kf5 $18) 49... a4 50. Rh6+ (50. Rxh4 Rd8+ 51. Ke4 axb3 $16) 50... Kf5 51. Rf6+ (51. Rxh4 Rd8+ 52. Kc3 Kxe5 $18) 51... Kg4) 48. Rg7 $1 (48. Rd7 a3 49. Rg7 (49. Rd6+ Ke7 $11) 49... a2 50. Rxg6+ Ke7 51. Rg7+ Ke6 52. Rg6+ Kf7 $18) 48... Kf5 (48... g5 49. Rg6+ (49. hxg5 a3 $16) (49. Rxg5 axb3 50. Kc3 b2 $18) 49... Kf7 50. Rf6+ (50. Rxg5 a3 $18) 50... Ke7) 49. bxa4 bxa4 50. Kd5 a3 51. c7 a2 52. Rf7+ Kg4 53. Rf1 Kxh4 54. Ra1 g5 55. Kc6 g4 56. Kb7 {[%emt 0:00:18] Weighted Error Value: White=0.05 (flawless) /Black=0.80  Loses game:     	---       	Black=1      Mistake:       	---       	Black=3      Inaccurate:     	White=5     	Black=3      OK:         	White=12    	Black=19     Best:        	White=3     	Black=2      Strong:       	White=1     	Black=1} 1-0

[Event "4NCL Div 1 2024-25"]
[Site "England"]
[Date "2025.04.06"]
[Round "8.36"]
[White "Lentzos, Ioanis"]
[Black "Eggleston, David J"]
[Result "0-1"]
[Annotator "ChessBase"]
[ECO "A28"]
[WhiteElo "2126"]
[BlackElo "2339"]
[PlyCount "118"]
[EventDate "2024.11.23"]
[EventType "team-tourn"]
[EventCountry "ENG"]
[SourceTitle "playchess.com"]
[Source "ChessBase"]
[SourceQuality "1"]
[TimeControl "40/6000+30:3000+30"]

1. c4 e5 2. Nc3 Nc6 3. Nf3 Nf6 4. e3 Bb4 5. Qc2 Bxc3 6. bxc3 d6 7. e4 O-O 8. g3 Ne8 9. Nh4 Ne7 10. Bg2 f5 11. d4 fxe4 12. Bxe4 Nf6 13. Bg2 exd4 14. cxd4 d5 15. O-O dxc4 16. Ba3 Re8 17. Rfe1 Ned5 18. Qxc4 c6 19. Re5 Be6 20. Qe2 Qd7 21. Re1 Nc3 22. Qe3 Nfd5 23. Qg5 Qf7 24. f4 h6 25. Qg6 Qxg6 26. Nxg6 Bf7 27. Ne7+ Nxe7 28. Rxe7 Rxe7 29. Rxe7 Re8 30. Rxe8+ Bxe8 31. Bc5 b6 32. Bd6 Nxa2 33. Bb8 a6 34. Bc7 b5 35. d5 Nb4 36. d6 Bd7 37. Kf2 c5 38. Bb7 Kf7 39. Ke3 Ke6 40. Ke4 Bc6+ 41. Bxc6 Nxc6 42. f5+ Kd7 43. Kd5 c4 44. Bb6 c3 45. Be3 h5 46. Bf4 c2 47. Kc5 b4 48. Kc4 a5 49. h3 a4 50. g4 hxg4 51. hxg4 a3 52. Kb3 Nd4+ 53. Ka2 Ne2 54. Bd2 c1=Q 55. Bxc1 Nxc1+ 56. Kb1 a2+ 57. Kb2 b3 58. g5 Nd3+ 59. Ka1 Nb4 0-1

[Event "4NCL Div 1 2024-25"]
[Site "England"]
[Date "2025.04.06"]
[Round "8.37"]
[White "Pert, Richard G"]
[Black "Foisor, Mihaela-Veronica"]
[Result "1-0"]
[Annotator "ChessBase"]
[ECO "C06"]
[WhiteElo "2399"]
[BlackElo "2156"]
[PlyCount "59"]
[EventDate "2024.11.23"]
[EventType "team-tourn"]
[EventCountry "ENG"]
[SourceTitle "playchess.com"]
[Source "ChessBase"]
[SourceQuality "1"]
[TimeControl "40/6000+30:3000+30"]

1. e4 e6 2. d4 d5 3. Nd2 Nf6 4. e5 Nfd7 5. Ngf3 c5 6. c3 Nc6 7. Bd3 Qb6 8. O-O cxd4 9. cxd4 Nxd4 10. Nxd4 Qxd4 11. Nf3 Qb6 12. Qa4 Qb4 13. Qc2 Nc5 14. Bd2 Qb6 15. Be3 Bd7 16. Rfc1 Rc8 17. Bf1 Be7 18. Rab1 a5 19. Nd4 Qc7 20. Nb5 Qxe5 21. Bd4 Qe4 22. Qd2 O-O 23. Re1 Qg6 24. Qxa5 Nd3 25. Re3 Nxf2 26. Rg3 Ng4 27. Bd3 f5 28. h3 Bxb5 29. Qxb5 Bd6 30. Rxg4 1-0

[Event "4NCL Div 1 2024-25"]
[Site "England"]
[Date "2025.04.06"]
[Round "8.38"]
[White "Milson, Samuel A"]
[Black "Pert, Max"]
[Result "1-0"]
[Annotator "NA"]
[ECO "C79"]
[WhiteElo "2069"]
[BlackElo "2076"]
[PlyCount "69"]
[EventDate "2024.11.23"]
[EventType "team-tourn"]
[EventCountry "ENG"]
[SourceTitle "playchess.com"]
[Source "ChessBase"]
[SourceQuality "1"]
[TimeControl "40/6000+30:3000+30"]

1. e4 e5 2. Nf3 Nc6 3. Bb5 a6 4. Ba4 Nf6 5. O-O d6 6. Re1 Bd7 7. c4 Be7 8. Nc3 O-O 9. Bxc6 bxc6 10. d4 exd4 11. Qxd4 Bg4 12. Qd3 Nd7 13. h3 Bxf3 14. Qxf3 Bf6 15. Bf4 Rb8 16. b3 Ne5 17. Qe3 Ng6 18. Bg3 c5 19. Rad1 Re8 20. Qd2 Qc8 21. Nd5 Bd8 22. Qd3 Bh4 23. Bxh4 Nxh4 24. Qg3 Ng6 25. h4 Re6 26. f4 c6 27. f5 cxd5 28. fxe6 fxe6 29. Qxd6 d4 30. h5 Nf8 31. Rf1 Rb7 32. Rd3 Rf7 33. Rxf7 Kxf7 34. Rf3+ Kg8 35. Qe7 1-0

[Event "4NCL Div 1 2024-25"]
[Site "England"]
[Date "2025.04.06"]
[Round "8.39"]
[White "Pert, Nina"]
[Black "Birtwistle, Nigel"]
[Result "0-1"]
[Annotator "NA"]
[ECO "B34"]
[WhiteElo "1984"]
[BlackElo "2041"]
[PlyCount "58"]
[EventDate "2024.11.23"]
[EventType "team-tourn"]
[EventCountry "ENG"]
[SourceTitle "playchess.com"]
[Source "ChessBase"]
[SourceQuality "1"]
[TimeControl "40/6000+30:3000+30"]

1. e4 c5 2. Nf3 Nc6 3. d4 cxd4 4. Nxd4 g6 5. Nc3 Bg7 6. Be3 Nf6 7. f3 O-O 8. Qd2 d5 9. Nxc6 bxc6 10. exd5 Nxd5 11. Nxd5 cxd5 12. c3 e5 13. Rd1 Be6 14. Bc5 Qh4+ 15. g3 Qa4 16. Bxf8 Bxf8 17. Ra1 d4 18. Bd3 dxc3 19. bxc3 Bc5 20. h4 Rd8 21. Rd1 Bb6 22. Rh2 Qa3 23. h5 Qc5 24. Ke2 e4 25. Qh6 exd3+ 26. Kd2 Rc8 27. Rc1 g5 28. Kxd3 Bf5+ 29. Ke2 Qe3+ 0-1

[Event "4NCL Div 1 2024-25"]
[Site "England"]
[Date "2025.04.06"]
[Round "8.40"]
[White "Dilley, Jason M"]
[Black "Maton, James J"]
[Result "1-0"]
[Annotator "NA"]
[ECO "D00"]
[WhiteElo "2005"]
[BlackElo "1612"]
[PlyCount "37"]
[EventDate "2024.11.23"]
[EventType "team-tourn"]
[EventCountry "ENG"]
[SourceTitle "playchess.com"]
[Source "ChessBase"]
[SourceQuality "1"]
[TimeControl "40/6000+30:3000+30"]

1. d4 d5 2. Bg5 Nf6 3. Bxf6 exf6 4. e3 Bd6 5. Bd3 Be6 6. Nd2 Nd7 7. Ngf3 c5 8. dxc5 Nxc5 9. Bb5+ Nd7 10. O-O O-O 11. Nd4 Qc7 12. h3 f5 13. c4 Nf6 14. Rc1 Qe7 15. N2f3 f4 16. cxd5 Bxd5 17. Nf5 Qe5 18. Nxe5 Bxe5 19. Ne7+ 1-0

[Event "4NCL Div 1 2024-25"]
[Site "England"]
[Date "2025.04.06"]
[Round "8.41"]
[White "Maroroa Jones, Gawain C B"]
[Black "Larkin, Vladyslav"]
[Result "1-0"]
[Annotator "TA"]
[ECO "A25"]
[WhiteElo "2654"]
[BlackElo "2455"]
[PlyCount "105"]
[EventDate "2024.11.23"]
[EventType "team-tourn"]
[EventCountry "ENG"]
[SourceTitle "playchess.com"]
[Source "ChessBase"]
[SourceQuality "1"]
[TimeControl "40/6000+30:3000+30"]

1. c4 e5 2. g3 Nc6 3. Bg2 Bc5 4. Nc3 d6 5. Nf3 a6 6. d3 {[%emt 0:00:58] A25: English Opening vs King's Indian with ...Nc6 but without early d3.} Nf6 7. O-O h6 {[%emt 0:00:08] 7...h6 is better than 7...0-0.} 8. e3 {[%emt 0:00:13] The position is equal.} O-O 9. a3 {[%emt 0:01:32] was the old line (9.d4).} Ba7 10. b4 Be6 11. h3 Ne7 $146 (11... Qd7 12. Kh2 Ne7 13. a4 Ng6 14. Nd2 c6 15. Nce4 Ne8 16. c5 d5 17. Nc3 a5 {1-0 Kuljasevic,D (2567)-Valsecchi,A (2407) Skopje Karposh op 2014 (6)}) 12. Kh2 Re8 13. Bb2 Rb8 14. a4 c6 15. a5 Rc8 16. Na4 Nd7 17. Rc1 Bb8 18. Nd2 d5 19. Nb3 Bd6 20. Qd2 f6 21. Nb6 Nxb6 22. axb6 Qd7 (22... Qxb6 $2 23. c5 Qd8 24. cxd6 $18) 23. e4 Rcd8 24. Qe1 Nc8 25. exd5 cxd5 26. c5 (26. cxd5 Bf7 $15) 26... Bb8 27. c6 bxc6 28. Nc5 Qf7 29. b7 (29. Nxa6 $11 Nxb6 30. Rxc6) 29... Na7 $17 30. d4 e4 31. b5 (31. Ra1 $142) 31... Nxb5 32. Qa5 Bf5 33. Qxa6 Qc7 34. Nxe4 Bxe4 35. Rxc6 Rd6 $2 (35... Bxg2 $1 $17 36. Kxg2 (36. Rxc7 $2 Nxc7 37. Qd3 Bxf1 $19) 36... Rd6) 36. Rfc1 $14 {[%emt 0:00:56] Really sharp!} Na7 (36... Rxc6 $14 37. Rxc6 Bxg2) 37. Rxc7 $18 Rxa6 {[%emt 0:00:03] [#]} 38. Bxe4 $1 dxe4 (38... Rxe4 $2 {perishes.} 39. Rc8+ Kh7 40. Rxb8 $18) 39. Rc8 Kf7 {[%emt 0:02:08] [#] White must now prevent ...Rb6.} 40. Rxe8 $1 Kxe8 41. Rc8+ Kd7 42. Rxb8 {[%emt 0:00:00][%mdl 4096] Endgame KRB-KRN. White is a pawn up.} Kc7 43. Rg8 Kxb7 44. Rxg7+ Kc6 45. Bc1 Nb5 46. Be3 (46. Bxh6 $18 {Hoping for Be3.} Nxd4 47. Rf7 Nf3+ 48. Kg2) 46... Kd5 (46... Nc3 $16) 47. g4 (47. Bxh6 Nxd4 48. g4 Ra1 $16) 47... Rd6 (47... Nc3 $142 48. Rc7 (48. Bxh6 Nd1 $16) 48... Ra3 49. Rc5+ (49. Bxh6 Nd1 $16) 49... Ke6) 48. Rg6 (48. Bxh6 Nxd4 49. Be3 f5 $16) 48... Nxd4 49. Rxh6 (49. Bxh6 f5 50. Rxd6+ Kxd6 51. gxf5 Nxf5 $14) 49... Nc2 50. Kg3 Rc6 51. Kf4 Ne1 $2 (51... Ke6 52. g5 (52. Kxe4 Kf7 $18) 52... Kf7 53. Rxf6+ (53. Kxe4 Re6+ 54. Kf3 fxg5 $18) 53... Rxf6+ 54. gxf6 Kxf6) 52. Kf5 Ng2 53. Rh8 {[%emt 0:00:00] Weighted Error Value: White=0.10 (very precise) /Black=0.27 (precise)   Mistake:       	White=3     	Black=5      Inaccurate:     	White=2     	Black=1      OK:         	White=17    	Black=18     Best:        	White=6     	Black=2      Strong:       	White=2     	---} 1-0

[Event "4NCL Div 1 2024-25"]
[Site "England"]
[Date "2025.04.06"]
[Round "8.42"]
[White "Bottazzi, Ulysse"]
[Black "Alsina Leal, Daniel"]
[Result "1/2-1/2"]
[Annotator "TA"]
[ECO "B33"]
[WhiteElo "2344"]
[BlackElo "2496"]
[PlyCount "148"]
[EventDate "2024.11.23"]
[EventType "team-tourn"]
[EventCountry "ENG"]
[SourceTitle "playchess.com"]
[Source "ChessBase"]
[SourceQuality "1"]
[TimeControl "40/6000+30:3000+30"]

1. e4 c5 2. Nf3 Nc6 3. d4 cxd4 4. Nxd4 Nf6 5. Nc3 e5 6. Ndb5 d6 7. Bg5 a6 8. Na3 b5 9. Nd5 Be7 10. Bxf6 Bxf6 11. c3 Bg5 12. Nc2 Rb8 13. a4 bxa4 {[%emt 0:00:22] B33: Sicilian: Pelikan and Sveshnikov Variations.} 14. Ncb4 Nxb4 15. cxb4 $1 {[%emt 0:00:58][%mdl 4] A sharp opening 15.cxb4 is setting a new trend.} O-O {[%emt 0:00:57] The position is equal.} 16. Qxa4 Bb7 17. Bc4 Qc8 18. Bxa6 $146 (18. Qb3 $11 {remains equal.}) (18. Qb3 Qg4 19. Qf3 Qxf3 20. gxf3 Bxd5 21. Bxd5 Rxb4 22. Rxa6 Rxb2 23. O-O Bd8 24. Rxd6 {½-½ Kovalev,V (2612)-Matlakov,M (2662) Dubai op-A 23rd 2023 (3)}) 18... Qg4 $1 $17 {[%emt 0:03:32][%csl LRe4,LRg2] Black sacrificed a pawn} 19. O-O {[%emt 0:00:50] [#] Threatens to win with Bxb7.} Bxd5 (19... Qxe4 $2 {is the wrong capture.} 20. Bxb7 Qe2 21. Bc6 $18) 20. exd5 Qxb4 21. Qd7 Rfd8 22. Qf5 Qf4 {[%emt 0:14:45] Black attacks} 23. Qxf4 Bxf4 24. Rfb1 Bd2 {[%emt 0:04:17] Repels b4} 25. b3 f5 26. Bc4 Ra8 27. Kf1 e4 {[%emt 0:10:19] Black has a king side majority} 28. Bb5 Rdb8 {[%emt 0:02:06] [#]} 29. Ra4 ({White should play} 29. Rxa8 $11 Rxa8 30. Bd7) 29... Ra5 $15 30. Rxa5 Bxa5 {[%emt 0:00:01][%mdl 4096] Endgame KRB-KRB} 31. Ba4 Bb4 32. Ke2 Rb7 (32... Kf7 $17) 33. f3 Re7 34. fxe4 Rxe4+ 35. Kd3 Bc5 36. Bd7 g6 37. Rb2 Kg7 38. Be6 h5 39. Re2 Rb4 40. Kc3 h4 41. h3 Rd4 42. Bd7 Rxd5 43. b4 Bb6 44. Rd2 Rxd2 45. Kxd2 {[%emt 0:00:02] KB-KB. Black is a pawn up.} Kf6 46. Kd3 d5 47. b5 Ke5 48. Be8 g5 49. Bd7 Kf4 50. Bc6 Ke5 51. Bd7 Ba7 52. Bc8 Bc5 53. Bd7 Bb6 54. Bc8 Kf4 55. Bb7 d4 56. Bc8 g4 57. Bd7 Ba7 58. Bc8 Bc5 59. Bd7 Bb6 60. Bc8 gxh3 61. gxh3 Ke5 62. Bd7 Ba7 63. Bc8 Bc5 64. Bd7 Bb6 65. Bc8 f4 {[%emt 0:00:36] and ...f3 should not be overlooked} 66. Bg4 Kd5 67. Bf3+ Kc5 68. Bg4 Kxb5 {[%emt 0:00:16] Black is slightly better.} 69. Bf3 Kc5 70. Bg4 Ba5 71. Bf3 Be1 72. Bg4 Bf2 73. Bf3 Be3 74. Bg4 Kd5 {[%emt 0:04:07] Weighted Error Value: White=0.10 (very precise) /Black=0.08 (flawless)   Mistake:       	White=2     	Black=1      Inaccurate:     	White=3     	Black=4      OK:         	White=25    	Black=21     Best:        	White=1     	Black=1} 1/2-1/2

[Event "4NCL Div 1 2024-25"]
[Site "England"]
[Date "2025.04.06"]
[Round "8.43"]
[White "Plat, Vojtech"]
[Black "Bezuidenhout, Roland"]
[Result "1-0"]
[Annotator "TA"]
[ECO "B22"]
[WhiteElo "2479"]
[BlackElo "2285"]
[PlyCount "67"]
[EventDate "2024.11.23"]
[EventType "team-tourn"]
[EventCountry "ENG"]
[SourceTitle "playchess.com"]
[Source "ChessBase"]
[SourceQuality "1"]
[TimeControl "40/6000+30:3000+30"]

1. e4 c5 2. Nf3 Nc6 3. c3 Nf6 4. e5 Nd5 5. Bc4 Nb6 6. Bb3 c4 7. Bc2 d6 8. exd6 Qxd6 9. O-O Bg4 {[%emt 0:00:13] B22: Sicilian: 2 c3.} 10. h3 Bh5 11. Re1 {[%emt 0:00:02] Against Ne5} O-O-O {[%emt 0:00:11] White has an edge.} 12. b3 e6 (12... Qf6 $11) 13. Na3 $16 Qc7 $146 (13... Qf4 14. Nxc4 Nxc4 15. bxc4 Qxc4 16. Be4 f5 17. Bxc6 Qxc6 18. d4 Bd6 19. Bg5 Rde8 {½-½ Christiansen,J (2600)-Akash,G (2449) Prague op 2020 (7)}) 14. Nxc4 (14. bxc4 Bxa3 15. Bxa3 Nxc4 $17) 14... Nxc4 15. bxc4 Na5 16. d4 Nxc4 17. Qe2 Bd6 18. Rb1 Bg6 19. Bxg6 hxg6 20. a4 Rhe8 21. Nd2 Nxd2 22. Bxd2 Qc6 23. c4 Bc7 24. Be3 Qd6 $2 {[%emt 0:02:22] [#] This costs Black the game.} (24... Kb8 $14) 25. Qf3 $1 $18 ({Resist} 25. g3 $6 Rd7 26. h4 Rh8 $16) 25... b6 (25... Qc6 $142 26. Qxf7 e5) 26. g3 {[%emt 0:00:59][%cal Oe3f4] Hoping for Bf4!.} ({Weaker is} 26. Qxf7 Qh2+ 27. Kf1 Qh1+ 28. Ke2 Qxg2 $16) 26... Re7 (26... f6 $142 27. Rec1 g5) 27. Bf4 e5 28. Bxe5 Qe6 29. Qa8+ Kd7 30. Qxa7 Rc8 31. d5 Qf5 32. Bxc7 Rxe1+ 33. Rxe1 Rxc7 34. Qxb6 {[%emt 0:00:59] Weighted Error Value: White=0.04 (flawless) /Black=1.04  Loses game:     	---       	Black=1      Mistake:       	---       	Black=3      Inaccurate:     	White=3     	Black=2      OK:         	White=11    	Black=5      Best:        	---       	Black=1      Strong:       	White=1     	---} 1-0

[Event "4NCL Div 1 2024-25"]
[Site "England"]
[Date "2025.04.06"]
[Round "8.44"]
[White "Maycock Bates, David Henry"]
[Black "Chow, Samuel"]
[Result "0-1"]
[Annotator "ChessBase"]
[ECO "C02"]
[WhiteElo "2290"]
[BlackElo "2348"]
[PlyCount "56"]
[EventDate "2024.11.23"]
[EventType "team-tourn"]
[EventCountry "ENG"]
[SourceTitle "playchess.com"]
[Source "ChessBase"]
[SourceQuality "1"]
[TimeControl "40/6000+30:3000+30"]

1. e4 e6 2. d4 d5 3. e5 c5 4. c3 Nc6 5. Nf3 Bd7 6. Be2 Nge7 7. O-O Ng6 8. g3 f6 9. Re1 cxd4 10. cxd4 fxe5 11. Nxe5 Ngxe5 12. dxe5 Bc5 13. Bd3 Qe7 14. Nc3 O-O 15. Bf4 Rxf4 16. gxf4 Qh4 17. Kh1 Qxf4 18. Qh5 h6 19. Re2 Nb4 20. Ne4 dxe4 21. Bxe4 Bc6 22. Bxc6 Nxc6 23. Rg1 Rf8 24. Qg6 Rf7 25. Qxe6 Qf3+ 26. Rg2 Qxe2 27. Qe8+ Rf8 28. Qd7 Qxe5 0-1

[Event "4NCL Div 1 2024-25"]
[Site "England"]
[Date "2025.04.06"]
[Round "8.45"]
[White "Wall, Gavin"]
[Black "Banerjee, Supratit"]
[Result "0-1"]
[Annotator "ChessBase"]
[ECO "C02"]
[WhiteElo "2258"]
[BlackElo "2141"]
[PlyCount "70"]
[EventDate "2024.11.23"]
[EventType "team-tourn"]
[EventCountry "ENG"]
[SourceTitle "playchess.com"]
[Source "ChessBase"]
[SourceQuality "1"]
[TimeControl "40/6000+30:3000+30"]

1. e4 e6 2. d4 d5 3. e5 c5 4. c3 Nc6 5. Nf3 Qb6 6. a3 Nh6 7. b4 cxd4 8. cxd4 Nf5 9. Bb2 Bd7 10. g4 Nfe7 11. Nc3 h5 12. Na4 Qd8 13. Nc5 Ng6 14. gxh5 Rxh5 15. Nxb7 Qb8 16. Nd6+ Bxd6 17. exd6 Qxd6 18. Ne5 Rxe5+ 19. dxe5 Ncxe5 20. Rg1 Nh4 21. Rg3 Nf5 22. Rh3 Ke7 23. Bd4 Rc8 24. Bxa7 Ng6 25. Bd3 Qe5+ 26. Kf1 Nf4 27. Bxf5 Qxf5 28. Re3 Bb5+ 29. Kg1 Rc4 30. Bc5+ Kd7 31. Qf3 Bc6 32. Rd1 d4 33. Qg3 Kc7 34. Bxd4 Rxd4 35. Rc1 Qd5 0-1

[Event "4NCL Div 1 2024-25"]
[Site "England"]
[Date "2025.04.06"]
[Round "8.46"]
[White "Finn, Peter"]
[Black "Li, Harry"]
[Result "0-1"]
[Annotator "ChessBase"]
[ECO "E05"]
[WhiteElo "2199"]
[BlackElo "2203"]
[PlyCount "110"]
[EventDate "2024.11.23"]
[EventType "team-tourn"]
[EventCountry "ENG"]
[SourceTitle "playchess.com"]
[Source "ChessBase"]
[SourceQuality "1"]
[TimeControl "40/6000+30:3000+30"]

1. d4 d5 2. Nf3 Nf6 3. g3 e6 4. Bg2 Be7 5. O-O O-O 6. c4 dxc4 7. Ne5 Nc6 8. Bxc6 bxc6 9. Nxc6 Qe8 10. Nxe7+ Qxe7 11. Qc2 e5 12. Rd1 Rd8 13. dxe5 Rxd1+ 14. Qxd1 Qxe5 15. Bf4 Qe7 16. Nc3 Be6 17. Qd4 Qb4 18. Be5 c5 19. Qf4 Nd7 20. Ne4 Nxe5 21. Qxe5 Rd8 22. Qg5 Qb6 23. Nf6+ Kh8 24. Nh5 Rg8 25. Qe5 f6 26. Qc3 Rb8 27. Nf4 Bg8 28. Rb1 Qb4 29. Qc2 a5 30. e4 c3 31. b3 c4 32. Rc1 cxb3 33. axb3 Bxb3 34. Qxc3 Qxc3 35. Rxc3 a4 36. Nd3 Kg8 37. Nc5 Kf7 38. f4 Ke7 39. Kf2 Kd6 40. Ke3 Rb5 41. Kd4 Rb4+ 42. Ke3 Bc4 43. Nd3 Bxd3 44. Rxd3+ Kc5 45. Rd7 a3 46. Ra7 Rb3+ 47. Kd2 Kb4 48. e5 fxe5 49. fxe5 Rb2+ 50. Kd3 a2 51. e6 Rb3+ 52. Kd4 Ra3 53. Rb7+ Ka4 54. Ra7+ Kb3 55. Rb7+ Kc2 0-1